 Dungeon Crawl Stone Soup version 0.21.1-1-g345015f (webtiles) character file.

2692 microfolk the Ruffian (level 9, -2/74 HPs)
             Began as a Red Draconian Transmuter on May 3, 2018.
             Was an Initiate of Fedhas.
             Slain by an unseen horror (10 damage)
             ... on level 7 of the Dungeon on May 4, 2018.
             The game lasted 00:31:04 (10227 turns).

microfolk the Ruffian (Red Draconian Transmuter)   Turns: 10227, Time: 00:31:05

Health: -2/74      AC:  2    Str: 14    XL:     9   Next: 38%
Magic:  11/13      EV: 24    Int: 16    God:    Fedhas [......]
Gold:   308        SH:  0    Dex: 16    Spells: 3/14 levels left

rFire    . . .     SeeInvis .     - Unarmed
rCold    . . .     Gourm    .   (shield currently unavailable)
rNeg     . . .     Faith    .   (armour unavailable)
rPois    .         Spirit   .   (helmet currently unavailable)
rElec    .         Reflect  .   (cloak currently unavailable)
rCorr    .         Harm     .   (gloves currently unavailable)
MR       +....                  (boots currently unavailable)
Stlth    +.........             (no amulet)
HPRegen  0.22/turn              q - ring of protection from magic
MPRegen  0.13/turn              u - ring of poison resistance

@: spider-form, drained
A: tiny, (breathe fire), unfitting armour, AC +7
a: End Transformation, Fungal Bloom, Renounce Religion


You were on level 7 of the Dungeon.
You worshipped Fedhas.
Fedhas was noncommittal.
You were not hungry.
You were a venomous arachnid creature.
You visited 2 branches of the dungeon, and saw 9 of its levels.
You also visited: Bailey.

You collected 308 gold pieces.

Inventory:

Hand Weapons
 b - a +2 hunting sling of flaming
Missiles
 a - 168 arrows
 e - 12 poisoned needles
 g - 168 stones (quivered)
 w - 30 sling bullets
Armour
 p - a +0 buckler
Jewellery
 q - a ring of protection from magic (left front leg)
 u - a ring of poison resistance (right front leg)
 v - an uncursed ring of fire
 y - an uncursed amulet of faith
Scrolls
 d - 5 scrolls of teleportation
 f - 3 scrolls of enchant weapon
 i - 2 scrolls of blinking
 l - 3 scrolls of identify
 n - a scroll of fog
 o - a scroll of amnesia
 s - a scroll of fear {unknown}
Potions
 h - a potion of haste
 j - a potion of might
 k - 3 potions of heal wounds
 m - 2 potions of flight
 r - a potion of agility
 t - 3 potions of curing
 x - a potion of mutation
 B - a potion of invisibility
Books
 z - a book of Changes

   Spells                             Type                      Level
   a - Beastly Appendage              Transmutation                1
   b - Sticks to Snakes               Transmutation                2
   c - Spider Form                    Transmutation/Poison         3
   d - Ice Form                       Ice/Transmutation            4
   e - Blade Hands                    Transmutation                5
Comestibles
 c - 10 rations


   Skills:
 + Level 5.3(5.0) Fighting
 + Level 6.1(5.7) Dodging
 + Level 7.1(6.8) Unarmed Combat
 - Level 3.0(2.6) Spellcasting
 + Level 6.7(6.4) Transmutations
 - Level 3.0(2.7) Poison Magic


You had 3 spell levels left.
You knew the following spells:

 Your Spells              Type           Power        Failure   Level  Hunger
a - Beastly Appendage     Tmut           ###...       6%          1    #......
b - Sticks to Snakes      Tmut           ###.....     8%          2    ##.....
c - Spider Form           Tmut/Pois      ###.......   22%         3    ###....
d - Blade Hands           Tmut           ###.......   58%         5    ######.


Dungeon Overview and Level Annotations

Branches:
Dungeon (8/15)             Temple (1/1) D:7
   Lair: D:8-11

Altars:
Cheibriados
Fedhas
Kikubaaqudgha
Trog
Vehumet
Wu Jian
Xom
Zin
The Shining One

Shops:
D:4 =   D:5 =

Annotations:
D:1 exclusion: downstairs
D:2 exclusion: 2 downstairs
D:3 1 runed door, Wander's ghost, amateur HuWn
D:4 exclusion: downstairs
D:5 exclusion: 2 downstairs
D:6 exclusion: downstairs
D:7 exclusion: downstairs


Innate Abilities, Weirdness & Mutations

((You can breathe blasts of fire.))
((Your fiery red scales are hard. (AC +7)))
You cannot fit into any form of body armour.
((Your flesh is heat resistant. (rF+)))
((You are cold-blooded and may be slowed by cold attacks.))


Message History

Something hits you. Something hits you but does no damage.
You hit something but do no damage. Something hits you!
Something barely misses you.
There is a stone staircase leading up, spattered with blood here.
Something hits you. Something hits you! Something closely misses you.
There is a stone staircase leading up, spattered with blood here.
Something hits you.
* * * LOW HITPOINT WARNING * * *
You climb upwards.
Level annotation: exclusion: downstairs
There is a stone staircase leading down here.
Something hits you!
* * * LOW HITPOINT WARNING * * *
As you read the scroll of fog, it crumbles to dust.
The scroll dissolves into smoke.
Something hits you.
* * * LOW HITPOINT WARNING * * *
You hit something. Something hits you!
You die...
Fedhas appreciates your contribution to the ecosystem.

###########
..........#
..........#
..........#####
..............####
..............§{§#
.##.....#.###.##s#
.##.....#.###.##§#
.##.....#.#....#§#
.##.....#.#.#..#.#
..'.........#..#.#
.##.....#.######.#
..#.....#........#
........##########
#.............#


There were no monsters in sight!

Vanquished Creatures
  Pikel (D:5)
  Grinder (D:5)
  A hornet zombie (D:7)
  An ice beast (D:7)
  A slave (D:4)
  2 sky beasts
  2 phantoms (D:6)
  4 ogres
  A centaur (D:5)
  A bullfrog (D:6)
  A wyvern skeleton (D:6)
  4 wights
  A bullfrog zombie (D:6)
  3 crimson imps
  A centaur zombie (D:6)
  An orc priest (D:4)
  2 jellies
  3 orc wizards
  A bullfrog skeleton (D:5)
  An iguana (D:7)
  3 worker ants
  A hound skeleton (D:4)
  A mummy (D:6)
  A worker ant zombie (D:6)
  14 adders
  3 shadow imps
  An ooze (D:3)
  2 worms
  A dart slug (D:4)
  2 leopard geckos
  15 orcs
  6 giant cockroaches
  13 goblins
  9 hobgoblins
  9 jackals
  10 kobolds
  4 quokkas
  4 bats
  4 frilled lizards
  6 rats
142 creatures vanquished.

Vanquished Creatures (collateral kills)
  Eustachio (D:5)
  2 slaves (D:5)
  An ogre (D:4)
  A bullfrog zombie (D:5)
  An orc priest (D:3)
  An adder (D:3)
  An orc (D:3)
  A giant cockroach (D:4)
  A kobold (D:3)
10 creatures vanquished.

Vanquished Creatures (others)
  10 toadstools
10 creatures vanquished.

Grand Total: 162 creatures vanquished

Notes
Turn   | Place    | Note
-------+----------+-------------------------------------------
     0 | D:1      | microfolk the Draconian Transmuter began the quest for the Orb.
     0 | D:1      | Reached XP level 1. HP: 16/16 MP: 3/3
   189 | D:1      | Reached XP level 2. HP: 22/23 MP: 5/5
   202 | D:1      | Learned a level 2 spell: Sticks to Snakes
   943 | D:1      | Reached XP level 3. HP: 27/28 MP: 4/6
   948 | D:1      | Learned a level 3 spell: Spider Form
  1825 | D:2      | Reached XP level 4. HP: 31/35 MP: 3/7
  3092 | D:3      | Found a runed door.
  3092 | D:3      | Found a glowing golden altar of the Shining One.
  3092 | D:3      | Noticed an angel
  3118 | D:3      | Noticed Wander's ghost (amateur HuWn)
  3629 | D:3      | Reached XP level 5. HP: 35/40 MP: 7/9
  4291 | D:4      | Reached skill level 4 in Unarmed Combat
  4357 | D:4      | Found Edemuo Pybb's Jewellery Shoppe.
  4374 | D:4      | Reached skill level 1 in Poison Magic
  4592 | D:4      | Noticed an ogre
  4625 | D:4      | Killed an ogre
  4625 | D:4      | Reached XP level 6. HP: 47/47 MP: 3/10
  5222 | D:4      | Your scales start taking on a fiery red colour.
  5222 | D:4      | Reached XP level 7. HP: 11/52 MP: 4/11
  5222 | D:4      | Gained mutation: Your flesh is heat resistant. (rF+) [Red Draconian growth]
  5667 | D:5      | Entered Level 5 of the Dungeon
  5739 | D:5      | Noticed Grinder
  5837 | D:5      | Killed Grinder
  5837 | D:5      | Reached skill level 5 in Unarmed Combat
  6024 | D:5      | Found Togoext's Jewellery Emporium.
  6037 | D:5      | Noticed Pikel
  6194 | D:5      | Noticed Eustachio
  6333 | D:5      | Killed Pikel
  6333 | D:5      | Reached skill level 5 in Transmutations
  6333 | D:5      | Reached XP level 8. HP: 62/62 MP: 2/12
  6419 | D:5      | Learned a level 5 spell: Blade Hands
  6887 | D:5      | Killed Eustachio
  7083 | D:5      | Found a blossoming altar of Fedhas.
  7093 | D:5      | Became a worshipper of Fedhas Madash
  7154 | D:5      | Reached skill level 5 in Dodging
  7154 | D:5      | Reached skill level 6 in Unarmed Combat
  7903 | D:6      | Reached XP level 9. HP: 72/72 MP: 8/13
  8442 | D:6      | Found a snail-covered altar of Cheibriados.
  8615 | D:7      | Found a flagged portal.
  8638 | Bailey   | Entered a bailey
  8995 | D:7      | Reached skill level 5 in Fighting
  9092 | D:6      | Reached skill level 7 in Unarmed Combat
  9212 | D:7      | Found a staircase to the Ecumenical Temple.
  9249 | Temple   | Entered the Ecumenical Temple
 10227 | D:7      | Slain by an unseen horror

Skill      XL: |  1  2  3  4  5  6  7  8  9 |
---------------+----------------------------+-----
Dodging        | 2 3 4 5 6 |  6.1
Transmutations | 3 4 5 6 |  6.7
Spellcasting   | 3 |  3.0
Unarmed Combat | 4 5 6 7 |  7.1
Poison Magic   | 1 2 3 |  3.0
Fighting       | 2 4 5 |  5.3

Action                   |  1- 3 |  4- 6 |  7- 9 || total
-------------------------+-------+-------+-------++-------
Melee: Unarmed           |   133 |   176 |   287 ||   596
       Tailslap          |    10 |    18 |    17 ||    45
       Kick              |    15 |    25 |    19 ||    59
       Headbutt          |     7 |    15 |     5 ||    27
       Punch             |       |     1 |     2 ||     3
 Fire: Hunting sling     |       |       |     4 ||     4
Throw: Stone             |    14 |    20 |       ||    34
 Cast: Beastly Appendage |    27 |    33 |    15 ||    75
       Sticks to Snakes  |     3 |    14 |    47 ||    64
       Spider Form       |       |     5 |    28 ||    33
Invok: Fungal Bloom      |       |       |     3 ||     3
  Use: Scroll            |     3 |     5 |    11 ||    19
       Potion            |       |     1 |       ||     1
 Stab: Distracted        |       |       |     4 ||     4
  Eat: Chunk             |     4 |    12 |    10 ||    26
       Ration            |       |       |     4 ||     4
Armor: Skin              |    38 |    35 |    37 ||   110
Dodge: Dodged            |    87 |    94 |   245 ||   426
